 Dungeon Crawl Stone Soup version 0.19.5 (webtiles) character file.

37 equalderp2856 the Scratcher (level 3, -4/17 HPs)
             Began as a Felid Fighter on Mar 7, 2017.
             Killed by divine providence
             ... invoked by an orc priest
              (8 damage)
             ... on level 3 of the Dungeon.
             The game lasted 00:03:22 (1858 turns).

equalderp2856 the Scratcher (Felid Fighter)         Turns: 1858, Time: 00:03:22

Health: -4/17      AC:  1    Str: 13    XL:     3   Next: 23%
Magic:  4/4        EV: 20    Int:  9    God:
Gold:   42         SH:  0    Dex: 15    Spells: 0 memorised, 2 levels left
                                        Lives:  0   Deaths: 1

rFire  . . .     SeeInvis +       - Unarmed
rCold  . . .     Gourm    .     (armour unavailable)
rNeg   . . .     Faith    .     (shield unavailable)
rPois  .         Spirit   .     (helmet unavailable)
rElec  .         Reflect  .     (cloak unavailable)
rCorr  .         Harm     .     (gloves unavailable)
MR     .....                    (boots unavailable)
Stlth  ++........               (no amulet)
                                (no ring)
                                (no ring)

@: quick
A: no armour, no weapons or thrown items, stealth, claws 1, fangs 3, see
invisible, carnivore 3, speed 1, shaggy fur 1, slow metabolism 1, sharp paws
a: no special abilities


You were on level 3 of the Dungeon.
You were not hungry.

You visited 1 branch of the dungeon, and saw 3 of its levels.

You collected 42 gold pieces.

Inventory:

Jewellery
 d - an uncursed ring of magical power {unknown}
Scrolls
 e - 4 scrolls of teleportation {unknown}
 g - 3 scrolls of remove curse {unknown}
Potions
 a - a potion of might
 f - a potion of degeneration {unknown}
Comestibles
 b - 2 meat rations
 c - a bread ration


   Skills:
 + Level 3.5 Fighting
 + Level 4.7 Dodging
 + Level 0.4 Stealth
 + Level 5.0 Unarmed Combat


You had 2 spell levels left.
You didn't know any spells.

Dungeon Overview and Level Annotations

Branches:
Dungeon (3/15)

Altars:


Innate Abilities, Weirdness & Mutations

You cannot wear armour.
You are incapable of wielding weapons or throwing items.
Your paws allow you to move quietly. (Stealth)
You have sharp claws.
You have razor-sharp teeth.
You have supernaturally acute eyesight. (SInv)
You are carnivorous and can eat meat at any time.
You cover ground quickly.
You are covered in fur. (AC +1)
You have a slow metabolism.
Your sharp claws are effective at attacking unaware monsters.


Message History

You mangle the quokka!!
You kill the quokka!
Your Unarmed Combat skill increases to level 5!
The rat misses you.
You scratch the rat.
You kill the rat!
The orc priest miscasts a cantrip.
The orc priest mumbles some strange prayers to Beogh against you.
Pain shoots through your body!
Ouch! That really hurt!
* * * LOW HITPOINT WARNING * * *
The orc priest hits you with a hand axe.
* * * LOW HITPOINT WARNING * * *
You barely miss the orc priest. You bite the orc priest.
The orc priest is lightly wounded.
You scratch the orc priest.
The orc priest is heavily wounded.
The orc priest invokes the aid of Beogh against you.
Beogh smites you!
You die...

#...# #....#####
#...# #....#####
#...# #.........
#...# #...######
#...# #......... .
##### #....##... ..
#....# . ...#######
#....#
.........####@...#...
............o........
##.......#####.#...##
#.....†.........###
#..o)...(...#.#.#
#.........#...#...
...........# ### ...
########...# ....
#...# .##


You could see an orc priest.

Vanquished Creatures
  5 adders (D:2)
  A worm (D:2)
  A dart slug (D:1)
  2 leopard geckos
  2 bats (D:1)
  3 goblins
  3 hobgoblins
  6 kobolds
  2 quokkas
  2 frilled lizards
  5 rats
32 creatures vanquished.

Vanquished Creatures (others)
  A plant (D:3)
1 creature vanquished.

Grand Total: 33 creatures vanquished

Notes
Turn   | Place    | Note
-------+----------+-------------------------------------------
     0 | D:1      | equalderp2856 the Felid Fighter began the quest for the Orb.
     0 | D:1      | Reached XP level 1. HP: 10/10 MP: 2/2
    51 | D:1      | Reached XP level 2. HP: 10/14 MP: 3/3
   687 | D:2      | Reached XP level 3. HP: 16/17 MP: 4/4
  1035 | D:2      | Reached XP level 4. HP: 5/21 MP: 5/5
  1809 | D:3      | Killed from afar by an orc priest
  1810 | D:3      | Reached XP level 3. HP: -2/17 MP: 4/4
  1840 | D:3      | Reached skill level 5 in Unarmed Combat
  1858 | D:3      | Killed from afar by an orc priest

Skill      XL: |  1  2  3 |
---------------+----------+-----
Unarmed Combat | 5 |  5.0
Fighting       | |  3.5
Dodging        | |  4.7
Stealth        | |  0.4

Action                   |  1- 3 |  4- 6 || total
-------------------------+-------+-------++-------
Melee: Unarmed           |   105 |    10 ||   115
       Bite              |    15 |     1 ||    16
  Use: Potion            |     1 |       ||     1
 Stab: Sleeping          |     2 |       ||     2
  Eat: Chunk             |     1 |       ||     1
Armor: Skin              |     5 |     1 ||     6
Dodge: Dodged            |    89 |    15 ||   104
